 Dungeon Crawl Stone Soup version 0.28-a0-863-g8cecda6153 (webtiles) character file.

Game seed: 6795277028906837327

23137 avis the Fighter (level 13, -3/101 HPs)
             Began as a Djinni Hedge Wizard on Nov 16, 2021.
             Was an Elder of Makhleb.
             Killed from afar by an oklob plant (34 damage)
             ... with a splash of acid
             ... on level 3 of the Lair of Beasts on Nov 17, 2021.
             The game lasted 02:29:27 (25027 turns).

avis the Fighter (Djinni Hedge Wizard)             Turns: 25027, Time: 02:29:29

Health: -3/101     AC:  4    Str: 13    XL:     13   Next: 32%
Gold:   246        EV: 16    Int: 18    God:    Makhleb [****..] SH:  0 Dex: 12

rFire   + + .      SeeInvis .   a - +4 quarterstaff (speed)
rCold   x . .      Faith    +   (shield currently unavailable)
rNeg    . . .      Spirit   .   J - +3 ring mail {rPois}
rPois   ∞          Reflect  .   l - +2 hat {Will+}
rElec   .          Harm     .   s - scarf {repulsion}
rCorr   .          Rampage  .   t - +0 pair of gloves
Will    ++...                   (boots unavailable)
Stlth   +.........              C - amulet of faith
HPRegen 0.26/turn               x - +4 ring of evasion
MPRegen 0.00/turn               (no ring)

@: corroded, flying, studying Spellcasting, repel missiles
A: sickness immunity, fire resistance 2, cold vulnerability 1, float, innate
caster, hp casting, extra vitality 1
a: Renounce Religion, Minor Destruction, Lesser Servant of Makhleb, Major
Destruction


You were on level 3 of the Lair of Beasts.
You worshipped Makhleb.
Makhleb was greatly pleased with you.
You visited 3 branches of the dungeon, and saw 15 of its levels.

You collected 933 gold pieces.
You spent 687 gold pieces at shops.

Inventory:

Hand Weapons
 a - a +4 quarterstaff of speed (weapon)
 b - a +3 quarterstaff of freezing
 c - a +2 glaive of venom
 G - a +2 vorpal quarterstaff
Missiles
 r - 98 stones
 E - 18 poisoned darts
 F - 26 arrows
Armour
 l - a +2 hat of willpower (worn)
 s - a scarf of repulsion (worn)
 t - a +0 pair of gloves (worn)
 J - a +3 ring mail of poison resistance (worn)
Magical Staves
 i - a staff of cold
Jewellery
 x - a +4 ring of evasion (left hand)
 C - an amulet of faith (around neck)
Wands
 k - a wand of flame (37)
 w - a wand of iceblast (3)
 y - a wand of polymorph (8)
 M - a wand of mindburst (4)
Scrolls
 f - 2 scrolls of summoning
 h - a scroll of holy word
 j - a scroll of immolation
 m - a scroll of silence
 o - 3 scrolls of blinking
 q - 3 scrolls of identify
 v - 4 scrolls of teleportation
 B - a scroll of fog
 N - 4 scrolls of magic mapping
 O - 2 scrolls of fear
Potions
 e - 4 potions of brilliance
 g - 3 potions of cancellation
 n - 3 potions of curing
 p - 2 potions of might
 u - a potion of resistance
 z - a potion of invisibility
 A - 4 potions of heal wounds
 D - 3 potions of lignification
 H - a potion of berserk rage
 Y - a potion of mutation
Miscellaneous
 d - a phantom mirror
 V - a phial of floods


   Skills:
 - Level 12.0 Fighting
 - Level 7.0 Staves
 - Level 5.0 Armour
 - Level 5.0 Dodging
 - Level 1.5 Stealth
 * Level 4.9 Unarmed Combat
 + Level 11.3 Spellcasting
 - Level 7.0 Invocations


You had 3 spell levels left.
You knew the following spells:

 Your Spells              Type           Power      Damage    Failure   Level
a - Magic Dart            Conj           100%       1d8       1%          1
b - Blink                 Tloc           100%       N/A       1%          2
c - Call Imp              Summ           50%        N/A       1%          2
d - Slow                  Hex            100%       N/A       1%          1
e - Animate Skeleton      Necr           100%       N/A       1%          1
f - Scorch                Fire           100%       2d10      1%          2
g - Swiftness             Air            50%        N/A       1%          3
h - Leda's Liquefaction   Hex/Erth       25%        N/A       1%          4
i - Cause Fear            Hex            25%        N/A       1%          4
j - Conjure Flame         Conj/Fire      50%        6-21      1%          3
m - Mephitic Cloud        Conj/Pois/Air  50%        N/A       1%          3
B - Blade Hands           Tmut           25%        N/A       3%          5
Your spell library was empty.

Dungeon Overview and Level Annotations

Branches:
Dungeon (11/15)            Temple (1/1) D:5            Lair (3/6) D:10
  Swamp (0/4) Lair:3        Snake (0/4) Lair:2          Orc (0/2) D:11

Altars:
Ashenzari
Cheibriados
Dithmenos
Elyvilon
Fedhas
Gozag
Hepliaklqana
Kikubaaqudgha
Makhleb
Nemelex Xobeh
Okawaru
Qazlal
Ru
Sif Muna
Trog
Uskayaw
Vehumet
Wu Jian
Xom
Yredelemnul
Zin
The Shining One

Shops:
D:3 !(??:   D:9 :

Portals:
Abyss: D:6

Annotations:
D:3 2 transporters, axecop's ghost, amateur DsAK
D:6 2 transporters, willcat's ghost, weakling DEDe
Lair:3 exclusion: 2 oklob plants


Innate Abilities, Weirdness & Mutations

You are immune to sickness and miasma.
You are immune to poison.
Your flesh is very heat resistant. (rF++)
You are vulnerable to cold. (rC-)
You float through the air rather than walking.
You learn spells naturally, not from books.
Your magical power is your life essence.
You have superior vitality. (+4 HP)


Message History

Aim: an oklob plant (heavily damaged, 100% to hit)
The magic dart hits the oklob plant.
The oklob plant is heavily damaged.
Casting: Magic Dart (safe; 1% risk of failure)
Confirm with . or Enter, or press ? or * to list all spells.
Aiming: Magic Dart (safe; 1% risk of failure)
Press: ? - help, Shift-Dir - straight line, f/p - oklob plant
Aim: an oklob plant (heavily damaged, 100% to hit)
The magic dart hits the oklob plant but does no damage.
The oklob plant is heavily damaged.
The oklob plant spits acid at you. The splash of acid misses you.
Casting: Magic Dart (safe; 1% risk of failure)
Confirm with . or Enter, or press ? or * to list all spells.
Aiming: Magic Dart (safe; 1% risk of failure)
Press: ? - help, Shift-Dir - straight line, f/p - oklob plant
Aim: an oklob plant (heavily damaged, 100% to hit)
The magic dart hits the oklob plant.
The oklob plant is heavily damaged.
The oklob plant spits acid at you. The splash of acid hits you!
The acid corrodes you!
Casting: Magic Dart (safe; 1% risk of failure)
Confirm with . or Enter, or press ? or * to list all spells.
Aiming: Magic Dart (safe; 1% risk of failure)
Press: ? - help, Shift-Dir - straight line, f/p - oklob plant
Aim: an oklob plant (heavily damaged, 100% to hit)
The magic dart hits the oklob plant.
The oklob plant is heavily damaged.
The oklob plant spits acid at you. The splash of acid hits you!!
The acid corrodes you!
Casting: Magic Dart (safe; 1% risk of failure)
Confirm with . or Enter, or press ? or * to list all spells.
Aiming: Magic Dart (safe; 1% risk of failure)
Press: ? - help, Shift-Dir - straight line, f/p - oklob plant
Aim: an oklob plant (heavily damaged, 100% to hit)
The magic dart hits the oklob plant but does no damage.
The oklob plant is heavily damaged.
The oklob plant spits acid at you. The splash of acid hits you!!
You die...

................P>P.$P......###P.
...............P...(PP.....## ##.
######...........P.PP.......###..
#####.#...........PP........P####
[....##......................# #.
.............................###.
.....P...................#.####..
.....#P.......#.........##.# #...
#.#.##........##@#P....#.P.###...
.######.......................<.⌠
.............................#...
.............................#...
.......).........................
....................[..........#.
...............................##
#..##.....####.........P#.#.#P###
#...#.....######.#.....#########.


You could see an oklob plant.

Vanquished Creatures
  Gastronok (Lair:2)
  A boulder beetle (D:10)
  3 hydras
  3 two-headed ogres
  A centaur warrior (D:9)
  A will-o-the-wisp (Lair:3)
  4 elephants
  3 cane toads
  A rime drake (Lair:2)
  2 komodo dragons (Lair:2)
  2 trolls (D:10)
  9 blink frogs (Lair:2)
  Grinder (D:4)
  A wraith (D:10)
  A wyvern (Lair:2)
  27 yaks
  2 basilisks (D:10)
  2 steam dragons
  Menkaure (D:6)
  3 nagas (Lair:2)
  A floating eye (Lair:3)
  4 water moccasins
  5 orc warriors
  A black bear (D:5)
  4 ice beasts
  A necrophage (D:6)
  7 wolves
  4 ogres
  7 centaurs
  A phantom (D:6)
  2 kobold brigands (D:8)
  2 wyvern zombies
  9 bullfrogs
  2 gnoll sergeants
  3 scorpions
  6 killer bees
  5 wights
  5 electric eels (D:7)
  4 centaur zombies
  2 howler monkeys
  A gnoll shaman (D:2)
  6 orc priests
  Crazy Yiuf (D:4)
  A bullfrog skeleton (D:5)
  2 hounds
  A jelly (D:6)
  2 centaur skeletons (D:6)
  Jessica (D:2)
  5 iguanas
  8 orc wizards
  Natasha (thrice) (D:2)
  2 howler monkey zombies
  11 gnolls
  14 adders
  A white imp (D:6)
  An ufetubus (D:4)
  4 worms
  38 orcs
  6 ball pythons
  2 bats (D:2)
  4 endoplasms
  5 giant cockroaches
  4 hobgoblins
  8 jackals (D:3)
  12 kobolds
  6 quokkas
  3 frilled lizards
  5 goblins
  2 rats (D:2)
303 creatures vanquished.

Vanquished Creatures (collateral kills)
  An adder (D:2)
1 creature vanquished.

Vanquished Creatures (others)
  An orc (D:7)
  4 foxfires (Lair:3)
  2 fungi (Lair:2)
  31 plants
38 creatures vanquished.

Grand Total: 342 creatures vanquished

Notes
Turn   | Place    | Note
-------+----------+-------------------------------------------
     0 | D:1      | avis the Djinni Hedge Wizard began the quest for the Orb.
     0 | D:1      | Reached XP level 1. HP: 15/15 MP: 0/0
  1300 | D:2      | Reached XP level 2. HP: 18/21 MP: 0/0
  1362 | D:2      | Reached XP level 3. HP: 5/25 MP: 0/0
  1362 | D:2      | Learned a level 1 spell: Animate Skeleton
  2391 | D:2      | Reached XP level 4. HP: 23/31 MP: 0/0
  2657 | D:2      | Found a faded altar of an unknown god.
  2662 | D:2      | Noticed Jessica
  2674 | D:2      | Killed Jessica
  2890 | D:2      | Reached skill level 1 in Fighting
  2890 | D:2      | Reached XP level 5. HP: 1/37 MP: 0/0
  2890 | D:2      | Learned a level 2 spell: Scorch
  2976 | D:2      | Reached skill level 2 in Fighting
  3613 | D:2      | Noticed Natasha
  3650 | D:2      | Killed Natasha
  3651 | D:2      | Reached skill level 3 in Fighting
  3651 | D:2      | Reached XP level 6. HP: 2/46 MP: 0/0
  4140 | D:2      | Noticed Natasha
  4148 | D:2      | Killed Natasha
  4253 | D:2      | Noticed Natasha
  4261 | D:2      | Killed Natasha
  4262 | D:2      | Reached skill level 4 in Fighting
  4879 | D:2      | Reached skill level 5 in Fighting
  4879 | D:2      | Reached XP level 7. HP: 29/54 MP: 0/0
  4879 | D:2      | Learned a level 3 spell: Swiftness
  5092 | D:3      | Found Zotraem's Magic Scroll Emporium.
  5153 | D:3      | Found Medgh's Book Shop.
  5352 | D:3      | Found Houl's Magic Scroll Emporium.
  5362 | D:3      | Found Jowylaja's Weapon Shoppe.
  5844 | D:3      | Found a transporter.
  5925 | D:3      | Found Rishyef's Distillery.
  6042 | D:3      | Found a transporter.
  6045 | D:3      | Noticed axecop's ghost (amateur DsAK)
  6799 | D:4      | Reached skill level 5 in Spellcasting
  6948 | D:4      | Found a burning altar of Makhleb.
  7175 | D:4      | Identified the +1 robe "Earthly Heaven" {*Corrode rN+
                  | Int+4}
  7252 | D:4      | Reached XP level 8. HP: 49/61 MP: 0/0
  7395 | D:4      | Found a runed translucent door.
  7396 | D:4      | Noticed Crazy Yiuf
  7406 | D:4      | Killed Crazy Yiuf
  7610 | D:4      | Noticed Grinder
  7617 | D:4      | Killed Grinder
  7618 | D:4      | Reached skill level 6 in Fighting
  7798 | D:4      | Upgraded the game from 0.28-a0-861-ge64d6db94f to
                  | 0.28-a0-863-g8cecda6153
  7800 | D:5      | Entered Level 5 of the Dungeon
  8078 | D:5      | Reached skill level 7 in Fighting
  8323 | D:5      | Found a staircase to the Ecumenical Temple.
  8331 | Temple   | Entered the Ecumenical Temple
  8491 | D:5      | Reached XP level 9. HP: 65/68 MP: 0/0
  8491 | D:5      | Learned a level 4 spell: Leda's Liquefaction
  8775 | D:4      | Became a worshipper of Makhleb the Destroyer
  9223 | D:6      | Reached skill level 1 in Invocations
  9644 | D:6      | Found a transporter.
  9717 | D:6      | Found a one-way gate to the infinite horrors of the Abyss.
  9717 | D:6      | Noticed willcat's ghost (weakling DEDe)
  9720 | D:6      | Noticed a toenail golem
  9740 | D:6      | Found a transporter.
  9754 | D:6      | Noticed a white ugly thing
 10082 | D:6      | Reached * piety under Makhleb
 10091 | D:6      | Reached skill level 5 in Invocations
 10549 | D:6      | Reached XP level 10. HP: 65/75 MP: 0/0
 10596 | D:7      | Noticed Menkaure
 10600 | D:6      | Killed Menkaure
 10759 | D:6      | Reached skill level 8 in Fighting
 12052 | D:7      | Reached ** piety under Makhleb
 12322 | D:7      | Found a stormy altar of Qazlal.
 13111 | D:8      | Found an opulent altar of Gozag.
 13260 | D:8      | Found a sparkling altar of Nemelex Xobeh.
 13344 | D:8      | Reached skill level 9 in Fighting
 14194 | D:9      | Found a blossoming altar of Fedhas.
 14240 | D:9      | Noticed a two-headed ogre
 14595 | D:9      | Reached XP level 11. HP: 40/85 MP: 0/0
 14595 | D:9      | Learned a level 4 spell: Cause Fear
 14854 | D:9      | Reached skill level 10 in Fighting
 14871 | D:9      | Reached *** piety under Makhleb
 15086 | D:9      | Noticed a centaur warrior
 15087 | D:9      | Identified the +7 broad axe of Valiance {vorpal, rCorr
                  | Dex+3}
 15087 | D:9      | Noticed a two-headed ogre
 15321 | D:9      | Killed a two-headed ogre
 15328 | D:9      | Killed a two-headed ogre
 15329 | D:9      | Reached skill level 11 in Fighting
 15560 | D:9      | Found Juju's Book Shop.
 15576 | D:9      | You are sucked into a shaft and drop 2 floors!
 15603 | D:11     | Found a staircase to the Orcish Mines.
 15914 | D:10     | Entered Level 10 of the Dungeon
 15951 | D:10     | Noticed a two-headed ogre
 15964 | D:10     | Killed a two-headed ogre
 15965 | D:10     | Reached skill level 12 in Fighting
 16118 | D:10     | Identified the +6 long sword of Extinguishment {holy, rPois
                  | rC+++ Str-5 SInv}
 16132 | D:10     | Noticed a boulder beetle
 16573 | D:9      | Killed a centaur warrior
 16574 | D:9      | Reached skill level 5 in Armour
 16921 | D:9      | Found a glowing golden altar of the Shining One.
 17035 | D:3      | Bought a scroll of enchant weapon for 75 gold pieces
 17035 | D:3      | Bought a scroll of enchant weapon for 75 gold pieces
 17035 | D:3      | Bought a scroll of identify for 20 gold pieces
 17035 | D:3      | Bought a scroll of identify for 20 gold pieces
 17035 | D:3      | Bought a scroll of identify for 20 gold pieces
 17035 | D:3      | Bought a scroll of identify for 20 gold pieces
 17035 | D:3      | Bought a scroll of magic mapping for 35 gold pieces
 17049 | D:3      | Bought a scroll of noise for 11 gold pieces
 17049 | D:3      | Bought a scroll of immolation for 38 gold pieces
 17049 | D:3      | Bought a scroll of enchant armour for 82 gold pieces
 17049 | D:3      | Bought a scroll of blinking for 82 gold pieces
 17049 | D:3      | Bought 3 scrolls of identify for 66 gold pieces
 17049 | D:3      | Bought a scroll of identify for 22 gold pieces
 17049 | D:3      | Bought a scroll of identify for 22 gold pieces
 17049 | D:3      | Bought a scroll of fog for 22 gold pieces
 17049 | D:3      | Bought a scroll of identify for 22 gold pieces
 17049 | D:3      | Bought a scroll of identify for 22 gold pieces
 17049 | D:3      | Bought a scroll of teleportation for 33 gold pieces
 17132 | Temple   | Identified a scroll of acquirement
 17135 | Temple   | Acquired a manual of Spellcasting
 17733 | D:10     | Reached skill level 1 in Staves
 18016 | D:10     | Killed a boulder beetle
 18017 | D:10     | Reached XP level 12. HP: 58/95 MP: 0/0
 18303 | D:10     | Found a broken altar of Ashenzari.
 18376 | D:10     | Found a staircase to the Lair.
 18608 | D:10     | Reached skill level 5 in Dodging
 18717 | Lair:1   | Entered Level 1 of the Lair of Beasts
 18978 | Lair:1   | Reached **** piety under Makhleb
 19497 | Lair:1   | Noticed a five-headed hydra
 19508 | Lair:1   | Killed a five-headed hydra
 20427 | Lair:2   | Noticed Gastronok
 20579 | Lair:2   | Killed Gastronok
 20580 | Lair:2   | Reached skill level 5 in Staves
 21160 | Lair:2   | Found a staircase to the Snake Pit.
 21513 | Lair:2   | Noticed a four-headed hydra
 21525 | Lair:2   | Killed a four-headed hydra
 21526 | Lair:2   | Reached skill level 10 in Spellcasting
 22622 | Lair:2   | Reached XP level 13. HP: 100/101 MP: 0/0
 22622 | Lair:2   | Learned a level 5 spell: Blade Hands
 22866 | Lair:2   | Reached skill level 1 in Unarmed Combat
 23927 | Lair:3   | Found a staircase to the Swamp.
 24158 | Lair:3   | Noticed a six-headed hydra
 24170 | Lair:3   | Killed a six-headed hydra
 25027 | Lair:3   | Killed from afar by an oklob plant

Illustrated notes

Levels and vault maps discovered:
D:1:      amcnicky_arrival_flooded_fountain, layout_basic
D:2:      layout_basic, hellmonk_ecumenical_altar_zigzags, minmay_vboxes,
          uniq_jessica, uniq_natasha
D:3:      layout_basic, gammafunk_ghost_mausoleum, serial_shops,
          nicolae_shop_bloodbath_and_beyond, shop, nicolae_shop_behind_doors,
          shop, nicolae_shop_window_shopping, chequers_mini_garden,
          minmay_misc_feat_tiny, minmay_misc_feat_more_columns,
          hangedman_decor_push, serial_park_tiny_pond, corexii_corridor_pit,
          minmay_close_crescents
D:4:      layout_loops_cross, kennysheep_little_box,
          minmay_fractal_squares_diagonal_5, uniq_crazy_yiuf_cottage,
          uniq_grinder
D:5:      layout_cave_pools, minmay_temple_entry_gardened_gates,
          kennysheep_generic_room_2
D:6:      minmay_octagon_keep, layout_basic, amcnicky_altar_gilded,
          gammafunk_ghost_abyssal_escape
D:7:      layout_loops_ring, kennysheep_mini, serial_bayou,
          serial_bayou_shore_a, serial_bayou_pond_a, serial_bayou_lake_a,
          serial_bayou_pond_d, chequers_arboretum, uniq_menkaure
D:8:      layout_loops_ring, mainiacjoe_overflow_cross_hatched,
          nemelex_xobeh_ov_fountains_minmay, mainiacjoe_overflow_paths,
          lightli_orcish_oven
D:9:      layout_basic, lemuel_doored_altar, tso_altar, serial_shops,
          nicolae_shop_stone, hellmonk_bongcloud_opening
D:10:     layout_gridville, lemuel_round_altar, david_lair_generic, minmay_bent
D:11:     layout_long_grid, david_orc_1_choice, corexii_leaking_fountain
Temple:   dshaligram_water_room_temple
Lair:1:   layout_regular_city
Lair:2:   layout_cave_pods, minmay_snake_entry_guardpost_small,
          serial_bayou_shore_b, uniq_gastronok
Lair:3:   layout_regular_city, minmay_swamp_entry_wisps, serial_rivers,
          chequers_serial_rivers_room_b, chequers_serial_rivers_micro_b,
          chequers_serial_rivers_small_a, chequers_serial_rivers_micro_d,
          disabler_island, grunt_megastairs_5

Skill      XL: |  1  2  3  4  5  6  7  8  9 10 11 12 13 |
---------------+----------------------------------------+-----
Spellcasting   | 3 4 5 6 7 8 10 11 | 11.3
Fighting       | 1 3 5 7 9 12 | 12.0
Invocations    | 6 7 |  7.0
Armour         | 5 |  5.0
Dodging        | 4 5 |  5.0
Staves         | 1 6 7 |  7.0
Unarmed Combat | 4 |  4.9
Stealth        | |  1.5

Action                   |  1- 3 |  4- 6 |  7- 9 | 10-12 | 13-15 || total
-------------------------+-------+-------+-------+-------+-------++-------
Melee: Dagger            |    18 |    36 |     1 |       |       ||    55
       Quarterstaff      |       |       |    13 |   107 |       ||   120
       Broad axe         |       |       |       |     3 |       ||     3
       Unarmed           |       |       |       |       |    22 ||    22
 Cast: Magic Dart        |    47 |    62 |    17 |    12 |    20 ||   158
       Call Imp          |     4 |     2 |     2 |     2 |       ||    10
       Mephitic Cloud    |     4 |    23 |    24 |    39 |    10 ||   100
       Scorch            |       |    27 |   173 |   353 |    57 ||   610
       Conjure Flame     |       |       |     5 |    26 |     2 ||    33
       Leda's Liquefacti |       |       |     2 |     1 |       ||     3
       Slow              |       |       |     1 |     3 |       ||     4
       Animate Skeleton  |       |       |       |     3 |       ||     3
       Blade Hands       |       |       |       |       |     6 ||     6
       Blink             |       |       |       |       |     1 ||     1
 Abil: End Transformatio |       |       |       |       |     1 ||     1
  Use: Scroll            |       |       |     7 |    21 |       ||    28
       Potion            |       |       |       |     2 |       ||     2
 Stab: Confused          |     3 |     3 |       |       |       ||     6
Armor: Robe              |     8 |     7 |    13 |     4 |       ||    32
       Ring mail         |       |       |       |    52 |    24 ||    76
Dodge: Dodged            |    45 |    39 |    38 |   153 |    70 ||   345
       Repelled          |       |       |       |     5 |     2 ||     7
Block: Other             |       |       |     1 |       |       ||     1

Table legend: (Time is in decaauts)
 A = Elapsed time spent in this place.
 B = Non-inter-level travel time spent in this place.
 C = Inter-level travel time spent in this place.
 D = Time resting spent in this place.
 E = Time spent auto-exploring this place.
 F = Levels seen in this place.
 G = Mean time per level.
                   A        B        C        D        E       F      G
               +--------+--------+--------+--------+--------+-----+--------+
         Total |  25121 |  23074 |   2047 |  11526 |   7354 |  15 | 1674.7 |
       Dungeon |  18830 |  17003 |   1827 |   8600 |   5277 |  11 | 1711.8 |
        Temple |    206 |    173 |     33 |      0 |     64 |   1 |  206.0 |
          Lair |   6084 |   5898 |    186 |   2926 |   2013 |   3 | 2028.0 |
               +--------+--------+--------+--------+--------+-----+--------+

Top non-repeatable levels by time:
     D:2: 3442 daAuts
  Lair:2: 2684 daAuts
     D:6: 2282 daAuts
  Lair:1: 2237 daAuts
     D:9: 1968 daAuts
    D:10: 1898 daAuts
     D:7: 1895 daAuts
     D:3: 1710 daAuts
     D:1: 1523 daAuts
     D:4: 1442 daAuts
     D:8: 1318 daAuts
  Lair:3: 1162 daAuts
     D:5: 1009 daAuts
    D:11: 338 daAuts
  Temple: 206 daAuts
